 Dungeon Crawl Stone Soup version 0.32-a0-799-g95e1662365 (webtiles) character file.

Game seed: 7135668432104822341

225 sokol815 the Trooper (level 6, -2/45 HPs)
             Began as an Octopode Fighter on Mar 12, 2024.
             Was an Initiate of Dithmenos.
             Slain by an ice beast (6 damage)
             ... on level 7 of the Dungeon on Mar 21, 2024.
             The game lasted 00:05:42 (2155 turns).

sokol815 the Trooper (Octopode Fighter)             Turns: 2155, Time: 00:05:42

Health: -2/45      AC:  1    Str: 17    XL:     6   Next: 1%
Magic:  6/6        EV: 12    Int: 10    God:    Dithmenos [......]
Gold:   195        SH:  9    Dex: 12    Spells: 5/5 levels left

rFire   . . .        a - +1 trident
rCold   . . .        b - +0 buckler
rNeg    . . .        (helmet restricted)
rPois   .            j - amulet of reflection
rElec   .            V - ring of see invisible {sInv, !d}
rCorr   .            (no ring)
SInv    +            (no ring)
Will    .....        (no ring)
Stlth   ++           (no ring)
HPRegen 0.27/turn    (no ring)
MPRegen 0.10/turn    (no ring)
                     (no ring)

%: reflection
@: no status effects
A: almost no armour, amphibious, 8 rings, camouflage 1, gelatinous body 1,
(nimble swimmer 1), tentacles
a: Renounce Religion


You were on level 7 of the Dungeon.
You worshipped Dithmenos.
Dithmenos was noncommittal.
You visited 1 branch of the dungeon, and saw 5 of its levels.

You collected 195 gold pieces.

Inventory:

Hand Weapons
 a - a +1 trident (weapon)
 h - a +2 dagger of pain
   (You took it off a goblin on level 2 of the Dungeon)
 i - a +3 dagger
   (You found it on level 2 of the Dungeon)
Missiles
 k - 8 poisoned darts
 s - 7 stones
Armour
 b - a +0 buckler (worn)
Jewellery
 j - an amulet of reflection (around mantle)
   (You found it on level 2 of the Dungeon)
 V - a ring of see invisible (left tentacle) {sInv, !d}
   (You found it on level 7 of the Dungeon)
Wands
 d - a wand of digging (3)
   (You found it on level 7 of the Dungeon)
Scrolls
 c - a scroll of identify {@r1}
Potions
 e - a potion of might
 f - a potion of enlightenment
 g - a potion of attraction {!q}
 J - a potion of curing {@q1}
 M - a potion of magic
 R - a potion of resistance


   Skills:
 + Level 5.0 Fighting
 + Level 4.4 Polearms
 - Level 3.0 Dodging
 - Level 3.0 Shields


You had 5 spell levels left.
You didn't know any spells.
Your spell library contained the following spells:

 Spells                   Type           Power      Damage    Failure   Level
 Apportation              Tloc           0%         N/A       43%         1
 Freeze                   Ice            0%         1d3       43%         1
 Necrotise                Necr           0%         1d4       43%         1
 Sting                    Conj/Alch      0%         1d3       43%         1
 Summon Small Mammal      Summ           0%         N/A       43%         1
 Frozen Ramparts          Ice            0%         1d1       82%         3
 Hailstorm                Conj/Ice       0%         3d5       82%         3
 Vampiric Draining        Necr           0%         2d6       82%         3
 Martyr's Knell           Necr/Summ      0%         N/A       99%         4
 Curse of Agony           Necr           0%         N/A       100%        5


Dungeon Overview and Level Annotations

Branches:
Dungeon (7/15) Zot: 26896
 Temple: D:4-7

Altars:
Dithmenos
Fedhas

Portals:
Bailey: D:7

Annotations:
D:7 Maurice


Innate Abilities, Weirdness & Mutations

You cannot wear most types of armour.
You are amphibious.
You can wear up to eight rings at the same time.
Your skin changes colour to match your surroundings (Stealth+).
Your rubbery body absorbs attacks. (AC +1, EV +1)
((You are camouflaged when in or above water. (Stealth+)))
You have tentacles for arms and can constrict up to eight enemies at once.


Message History

Items here: ))) ÷÷÷.
Things that are here:
a +0 flail; a gnoll skeleton
There is a stone staircase leading down here.
You climb downwards.
Found 16 gold pieces.
Found an escape hatch in the ceiling.
There is a stone staircase leading up here.
You now have 195 gold pieces (gained 16).
Found a stone staircase leading down.
A malevolent force fills the Dungeon...
You fall into a shaft and drop 3 floors!
The shaft crumbles and collapses.
You hear the roar of battle.
There is an entrance to a bailey on this level.
Hurry and find it before the portal closes forever!
Okay, then.
You open the door.
Found a shadowy altar of Dithmenos.
There is an open door here.
There is a shadowy altar of Dithmenos here.
You curl up in front of the altar of Dithmenos.
Dithmenos welcomes you!
There is an open door here.
Maurice the Thief comes into view.
He is wielding a +0 dagger and carrying a wand of charming.
Press: ? - help, v - describe, . - travel
Here: Maurice, wielding a +0 dagger, wearing a +0 cloak and carrying a wand of charming (asleep)
The floor.
Found a stone staircase leading up.
An orc priest comes into view. It is wielding a +0 hand axe.
You hear the faint creaking of a portcullis very nearby.
You see here a ring of see invisible {sInv, !d}.
V - a ring of see invisible {sInv, !d}
V - a ring of see invisible (left tentacle) {sInv, !d} An orc wizard comes into view.
It is wielding a +0 dagger.
Found a stone staircase leading up.
There is a stone staircase leading up here.
Found a stone staircase leading up.
d - a wand of digging (3);
k - 8 poisoned darts A bombardier beetle comes into view.
You hit the bombardier beetle but do no damage.
Your grab misses the bombardier beetle. You hit the bombardier beetle.
You grab the bombardier beetle. You constrict the bombardier beetle.
The bombardier beetle barely misses you.
You puncture the bombardier beetle!
You kill the bombardier beetle!
Dithmenos accepts your kill.
Your Fighting skill increases to level 5!
You have reached level 6!
Health restored: 45; MP restored: 6 You see here a bombardier beetle corpse.
A goblin and an ice beast come into view.
Found a flagged portal. 3 goblins come into view.
Found an escape hatch in the floor.
You reach to attack!
The helpless ice beast fails to defend itself.
You hit the ice beast but do no damage. You hit the ice beast but do no damage.
You block the ice beast's attack.
The goblin throws a boomerang.
The boomerang hits you.
You take 3 damage, and have 42/45 hp.
You hit the ice beast but do no damage. You block the ice beast's attack. x2
You puncture the ice beast! The ice beast misses you.
You closely miss the ice beast.
The goblin throws a boomerang.
The boomerang hits you but does no damage.
You block the ice beast's attack.
You puncture the ice beast! The ice beast misses you.
You barely miss the ice beast. You squeeze the ice beast.
The ice beast hits you. The ice beast freezes you!
The goblin closely misses you.
You take 16 damage, and have 27/45 hp.
MASSIVE DAMAGE!!
You are too injured to fight recklessly!
You are too injured to fight recklessly!
You are too injured to fight recklessly!
You barely miss the ice beast. Your squeeze misses the ice beast.
The ice beast hits you. The ice beast freezes you!
The goblin barely misses you.
You take 13 damage, and have 14/45 hp.
MASSIVE DAMAGE!!
You hit the ice beast. Your squeeze misses the ice beast.
You block the ice beast's attack. The goblin hits you but does no damage.
The ice beast hits you.
* * * LOW HITPOINT WARNING * * *
The ice beast freezes you!
* * * LOW HITPOINT WARNING * * *
You take 12 damage, and have 2/45 hp.
MASSIVE DAMAGE!!
You feel better. The goblin misses you.
The ice beast hits you but does no damage.
You regained 6 hp, and now have 8/45 hp.
You barely miss the ice beast. You squeeze the ice beast.
You hear the faint creaking of a portcullis very nearby.
The goblin hits you but does no damage.
The ice beast hits you but does no damage.
You hit the ice beast but do no damage. You block the goblin's attack.
The ice beast barely misses you.
You puncture the ice beast! The goblin misses you. The ice beast hits you.
* * * LOW HITPOINT WARNING * * *
The ice beast freezes you.
You die...

.# ..≈g.. o. #.
##.##.≈≈~ #.. ##.
#....... #.###..
##......## ###...#..
##........# #..#.#...#.
##.........###.##.......
#..............##..##...
#......g##†..##...##....
#.....Y@.#.........##...
#..#..##.....##........§
.# ##. #.............#..
#. ###...##......#.. .
#...........#.# .
............###.
############## #. #. #.


You could see an ice beast and a goblin.

Vanquished Creatures
  A bombardier beetle (D:7)
  Terence (D:3)
  Robin (D:2)
  5 adders
  4 gnolls (D:3)
  2 dart slugs
  6 endoplasms
  2 giant cockroaches
  16 goblins
  7 hobgoblins
  5 kobolds
  4 quokkas
  7 ball pythons
  2 bats
  3 frilled lizards
  7 rats
73 creatures vanquished.

Notes
Turn   | Place    | Note
-------+----------+-------------------------------------------
     0 | D:1      | sokol815 the Octopode Fighter began the quest for the Orb.
     0 | D:1      | Reached XP level 1. HP: 16/16 MP: 1/1
    43 | D:1      | Reached XP level 2. HP: 17/21 MP: 2/2
   129 | D:1      | Upgraded the game from 0.32-a0-675-gdc239d62e1 to
                  | 0.32-a0-799-g95e1662365
   489 | D:2      | Reached XP level 3. HP: 24/26 MP: 3/3
   500 | D:2      | Found a faded altar of an unknown god.
   546 | D:2      | Noticed Robin
   555 | D:2      | Killed Robin
   556 | D:2      | Reached skill level 3 in Polearms
   693 | D:2      | Reached skill level 4 in Fighting
   693 | D:2      | Reached XP level 4. HP: 33/33 MP: 4/4
  1472 | D:3      | Noticed Terence
  1479 | D:3      | Killed Terence
  1480 | D:3      | Reached XP level 5. HP: 38/38 MP: 5/5
  1502 | D:3      | Identified the +0 robe of Pan-Flutes {+Blink rPois Int+3}
  1622 | D:3      | Reached skill level 4 in Polearms
  1863 | D:3      | Found a blossoming altar of Fedhas.
  2054 | D:4      | You fall into a shaft and drop 3 floors!
  2065 | D:7      | Found a shadowy altar of Dithmenos.
  2068 | D:7      | Became a worshipper of Dithmenos the Shadowed
  2086 | D:7      | Noticed Maurice
  2137 | D:7      | Reached skill level 5 in Fighting
  2137 | D:7      | Reached XP level 6. HP: 45/45 MP: 6/6
  2138 | D:7      | Found a flagged portal.
  2138 | D:7      | Noticed an ice beast
  2151 | D:7      | HP: 10/45 [ice beast (4)]
  2151 | D:7      | HP: 2/45 [ice beast (8)]
  2155 | D:7      | Slain by an ice beast

Illustrated notes

Levels and vault maps discovered:
D:1:      dpeg_arrival_pits, layout_rooms
D:2:      layout_basic, shapermc_ecumenical_altar_pompeii, minmay_puff,
          uniq_robin
D:3:      cheibrodos_helix_gallery, layout_rooms, fedhas_altar_1, uniq_terence
D:4:      layout_basic, mainiacjoe_overflow_alcove_2, uniq_edmund
D:7:      layout_cave_pools, kennysheep_mini_moat, enter_bailey_5, serial_shops,
          nicolae_lakefront_shop, hangedman_decor_slide_cut,
          wad_rectangle_vault, uniq_joseph, uniq_crazy_yiuf_cottage,
          uniq_maurice, uniq_duvessa

Skill      XL: |  1  2  3  4  5 |
---------------+----------------+-----
Polearms       | 3 4 |  4.4
Fighting       | 4 5 |  5.0
Dodging        | |  3.0
Shields        | |  3.0

Action                     |  1- 3 |  4- 6 || total
---------------------------+-------+-------++-------
  Melee: Trident           |    67 |    80 ||   147
         Constrict         |    21 |    12 ||    33
         Tentacles         |    10 |    15 ||    25
  Throw: Stone             |     1 |       ||     1
         Dart              |       |     5 ||     5
    Use: Scroll            |     2 |     8 ||    10
         Potion            |       |     1 ||     1
   Stab: Sleeping          |     3 |     7 ||    10
         Distracted        |       |     1 ||     1
 Armour: Skin              |    18 |    18 ||    36
  Dodge: Dodged            |    16 |    25 ||    41
  Block: Buckler           |     4 |    23 ||    27
         Reflection        |       |     1 ||     1

Table legend: (Time is in decaauts)
 A = Elapsed time spent in this place.
 B = Non-inter-level travel time spent in this place.
 C = Inter-level travel time spent in this place.
 D = Time resting spent in this place.
 E = Time spent auto-exploring this place.
 F = Levels seen in this place.
 G = Mean time per level.
                   A        B        C        D        E       F      G
               +--------+--------+--------+--------+--------+-----+--------+
         Total |   2181 |   2103 |     78 |      5 |   1589 |   5 |  436.2 |
       Dungeon |   2181 |   2103 |     78 |      5 |   1589 |   5 |  436.2 |
               +--------+--------+--------+--------+--------+-----+--------+

Top non-repeatable levels by time:
     D:2: 1051 daAuts
     D:3: 548 daAuts
     D:1: 439 daAuts
     D:7: 102 daAuts
     D:4: 38 daAuts

Levels and vault maps discovered:
D:1:      dpeg_arrival_pits, layout_rooms
D:2:      layout_basic, shapermc_ecumenical_altar_pompeii, minmay_puff,
          uniq_robin
D:3:      cheibrodos_helix_gallery, layout_rooms, fedhas_altar_1, uniq_terence
D:4:      layout_basic, mainiacjoe_overflow_alcove_2, uniq_edmund
D:7:      layout_cave_pools, kennysheep_mini_moat, enter_bailey_5, serial_shops,
          nicolae_lakefront_shop, hangedman_decor_slide_cut,
          wad_rectangle_vault, uniq_joseph, uniq_crazy_yiuf_cottage,
          uniq_maurice, uniq_duvessa

Table legend: (Time is in decaauts)
 A = Elapsed time spent in this place.
 B = Non-inter-level travel time spent in this place.
 C = Inter-level travel time spent in this place.
 D = Time resting spent in this place.
 E = Time spent auto-exploring this place.
 F = Levels seen in this place.
 G = Mean time per level.
                   A        B        C        D        E       F      G
               +--------+--------+--------+--------+--------+-----+--------+
         Total |   2181 |   2103 |     78 |      5 |   1589 |   5 |  436.2 |
       Dungeon |   2181 |   2103 |     78 |      5 |   1589 |   5 |  436.2 |
               +--------+--------+--------+--------+--------+-----+--------+

Top non-repeatable levels by time:
     D:2: 1051 daAuts
     D:3: 548 daAuts
     D:1: 439 daAuts
     D:7: 102 daAuts
     D:4: 38 daAuts

Table legend:
 A = Kills in this place as a percentage of kills in the entire game.
 B = Kills by you in this place as a percentage of kills by you in the entire game.
 C = Kills by friends in this place as a percentage of kills by friends in the entire game.
 D = Other kills in this place as a percentage of other kills in the entire game.
 E = Experience gained in this place as a percentage of experience gained in the entire game.
 F = Experience gained in this place divided by the number of levels of this place that you have seen.
                   A       B       C       D       E      F
               +-------+-------+-------+-------+-------+----------------------
         Total | 100.0 | 100.0 |   N/A |   N/A | 100.0 |  64.4
       Dungeon | 100.0 | 100.0 |   N/A |   N/A | 100.0 |  64.4
               +-------+-------+-------+-------+-------+----------------------
